 Dungeon Crawl Stone Soup version 0.23-a0-143-g1adec7b (console) character file.

336 Goblin1989 the Cutter (level 6, 0/51 HPs)
             Began as a Demonspawn Chaos Knight on Sept 4, 2018.
             Slain by a gnoll
             ... wielding a +0 spear
              (8 damage)
             ... on level 3 of the Dungeon.
             The game lasted 00:07:36 (2580 turns).

Goblin1989 the Cutter (Demonspawn Chaos Knight)     Turns: 2580, Time: 00:07:36

Health: 0/51       AC:  7    Str: 13    XL:     6   Next: 28%
Magic:  6/6        EV: 11    Int: 13    God:    Xom [....*.]
Gold:   205        SH:  0    Dex: 14    Spells: 5/5 levels left

rFire    . . .     SeeInvis .   b - +0 short sword (drain)
rCold    + . .     Gourm    .   (no shield)
rNeg     . . .     Faith    +   g - +2 leather armour
rPois    .         Spirit   .   (helmet restricted)
rElec    .         Reflect  .   (no cloak)
rCorr    .         Harm     .   (no gloves)
MR       .....                  (no boots)
Stlth    ++........             m - amulet of faith {!P}
HPRegen  0.17/turn              (no ring)
MPRegen  0.10/turn              (no ring)

@: no status effects
A: antennae 1, hooves 1, iridescent scales 1, cold resistance 1, robust 1, wild
magic 1, MP-powered wands
a: Renounce Religion


You were on level 3 of the Dungeon.
You worshipped Xom.
You were a beloved toy of Xom.
You were not hungry.

You visited 1 branch of the dungeon, and saw 3 of its levels.

You collected 205 gold pieces.

Inventory:

Hand Weapons
 a - a +0 short sword of chaos
 b - a +0 short sword of draining (weapon)
 o - a +0 hunting sling
Missiles
 p - 67 stones (quivered) {@Q3}
 s - 20 sling bullets
Armour
 g - a +2 leather armour (worn)
Jewellery
 m - an amulet of faith (around neck) {!P}
Scrolls
 i - 3 scrolls of remove curse {unknown}
 k - 4 scrolls of identify {unknown}
 n - a scroll of teleportation {unknown}
 r - 2 scrolls of amnesia {unknown}
Potions
 h - 2 potions of curing {unknown}
 j - a potion of lignification {unknown}
 l - a potion of flight {unknown}
 u - 2 potions of haste {unknown}
 w - a potion of heal wounds {unknown}
Comestibles
 e - 4 rations


   Skills:
 - Level 3.0 Fighting
 * Level 5.5 Short Blades
 - Level 1.7 Armour
 - Level 0.8 Dodging
 + Level 3.3 Stealth


You had 5 spell levels left.
You didn't know any spells.
Your spell library was empty.

Dungeon Overview and Level Annotations

Branches:
Dungeon (3/15)

Altars:
Dithmenos
Qazlal
Uskayaw
Vehumet
Wu Jian
Xom
Yredelemnul

Annotations:
D:3 1 runed door


Innate Abilities, Weirdness & Mutations

You have a pair of small antennae on your head.
You are partially covered in iridescent scales. (AC +2)
You have large cloven feet.
Your flesh is cold resistant. (rC+)
You are robust. (+10% HP)
Your spells are a little harder to cast, but a little more powerful.
You expend magic power (3 MP) to strengthen your wands.


Message History

The gnoll is almost dead.
Your quasit bites the gnoll.
The gnoll dies!
You hit the gnoll but do no damage.
Your quasit bites the gnoll but does no damage.
Your quasit claws the gnoll.
Your quasit completely misses the gnoll.
The gnoll hits you but does no damage.
The gnoll hits you from afar with a halberd!
You take 7 damage, and have 38/51 hp.
Your quasit closely misses the gnoll.
Your quasit claws the gnoll.
Your quasit claws the gnoll but does no damage.
The gnoll closely misses your quasit.
Your quasit bites the gnoll but does no damage.
Your quasit completely misses the gnoll.
Your quasit claws the gnoll.
The gnoll hits your quasit but does no damage.
Your quasit closely misses the gnoll.
Your quasit claws the gnoll but does no damage.
Your quasit claws the gnoll.
The gnoll hits you from afar with a halberd!
You take 7 damage, and have 31/51 hp.
Your quasit bites the gnoll but does no damage.
Your quasit claws the gnoll but does no damage.
Your quasit closely misses the gnoll.
The gnoll closely misses your quasit.
Your quasit bites the gnoll.
Your quasit claws the gnoll.
Your quasit closely misses the gnoll.
Your quasit barely misses the gnoll.
Your quasit claws the gnoll but does no damage.
Your quasit claws the gnoll.
The gnoll barely misses your quasit. The gnoll misses your quasit.
Your quasit closely misses the gnoll.
Your quasit claws the gnoll.
Your quasit claws the gnoll but does no damage.
The gnoll closely misses your quasit. The gnoll hits your quasit with a club.
Your quasit bites the gnoll.
Your quasit claws the gnoll but does no damage.
Your quasit claws the gnoll.
Your quasit bites the gnoll.
Your quasit claws the gnoll.
The gnoll dies!
The gnoll barely misses your quasit. What are your orders? t - Shout!
Orders for allies: a - Attack new target. r - Retreat! s - Stop attacking. g - Guard the area. f - Follow me.
Anything else - Cancel.
Gang up on whom?
Press: ? - help, Dir - move target cursor, f - gnoll
Aim: a gnoll, wielding a spear Attack!
The gnoll hits you from afar with a spear!
Your quasit closely misses the gnoll.
Your quasit barely misses the gnoll.
Your quasit claws the gnoll but does no damage.
You take 9 damage, and have 24/51 hp.
Your quasit bites the gnoll.
Your quasit claws the gnoll. x2
Found a stone staircase leading down.
Your quasit bites the gnoll but does no damage.
Your quasit claws the gnoll. x2
The gnoll misses your quasit.
The gnoll hits your quasit from afar with a halberd!
Your quasit dies!
The gnoll hits you with a halberd!
* * * LOW HITPOINT WARNING * * *
The gnoll misses you.
You take 12 damage, and have 13/51 hp.
MASSIVE DAMAGE!!
You hit the gnoll.
You kill the gnoll!
The gnoll hits you with a spear.
* * * LOW HITPOINT WARNING * * *
Things that are here:
a halberd; a gnoll corpse You take 1 damage, and have 12/51 hp.
You closely miss the gnoll. Your kick misses the gnoll.
The gnoll hits you but does no damage.
You hit the gnoll. Your kick misses the gnoll.
The gnoll is lightly wounded.
The gnoll barely misses you.
You closely miss the gnoll. You kick the gnoll, but do no damage.
The gnoll is lightly wounded.
The gnoll hits you with a spear.
* * * LOW HITPOINT WARNING * * *
You take 2 damage, and have 11/51 hp.
You hit the gnoll.
The gnoll is lightly wounded.
The gnoll barely misses you.
You hit the gnoll.
The gnoll is heavily wounded.
The gnoll hits you but does no damage.
You hit the gnoll. You kick the gnoll, but do no damage.
The gnoll is severely wounded.
You barely miss the gnoll.
The gnoll is severely wounded.
The gnoll hits you with a spear.
* * * LOW HITPOINT WARNING * * *
You take 4 damage, and have 7/51 hp.
You hit the gnoll. Your kick misses the gnoll.
The gnoll is almost dead.
The gnoll hits you with a spear!
You die... "It's all fun and games until someone loses an eye."

...................█
██....███.....█. >..
█....██......█ █.█
███████......█ █.█
█...⌂...████.██
██.⌂...........
█.........███.█
█.⌂..♣..⌂(███.█
█....)..).g@..█
█..⌂...⌂.██████
█....⌂.).█
█.█....█g█
█...████.█ ███. ..█
██ █.█ █.. ██


You could see a gnoll.

Vanquished Creatures
  A hungry ghost (D:2)
  An orc priest (D:3)
  An orc wizard (D:3)
  A gnoll (D:3)
  4 adders
  2 worms (D:2)
  A dart slug (D:2)
  2 leopard geckos (D:1)
  7 orcs
  A ball python (D:3)
  A giant cockroach (D:3)
  14 goblins
  8 hobgoblins
  7 kobolds
  5 quokkas
  6 bats
  5 frilled lizards
  A goblin skeleton (D:3)
  A jackal skeleton (D:3)
  4 rats
73 creatures vanquished.

Vanquished Creatures (collateral kills)
  An orc wizard (D:3)
  2 gnolls (D:3)
3 creatures vanquished.

Grand Total: 76 creatures vanquished

Notes
Turn   | Place    | Note
-------+----------+-------------------------------------------
     0 | D:1      | Goblin1989 the Demonspawn Chaos Knight began the quest for
                  | the Orb.
     0 | D:1      | Reached XP level 1. HP: 18/18 MP: 1/1
   107 | D:1      | XOM: harmless Chrm miscast
   109 | D:1      | XOM: butterfly on damage
   111 | D:1      | Reached skill level 3 in Short Blades
   269 | D:1      | Gained mutation: You are partially covered in iridescent
                  | scales. (AC +2) [demonic ancestry]
   269 | D:1      | Reached XP level 2. HP: 22/24 MP: 2/2
   283 | D:1      | XOM: scenery: create altars
   351 | D:1      | Reached skill level 1 in Stealth
   447 | D:1      | XOM: 2-stop teleportation journey
   875 | D:1      | XOM: polymorph bat -> leopard gecko
   962 | D:2      | Reached XP level 3. HP: 29/29 MP: 3/3
  1125 | D:2      | Noticed a hungry ghost
  1130 | D:2      | XOM: fog
  1136 | D:2      | XOM: mild Pois miscast
  1144 | D:2      | XOM: chaos cloud
  1147 | D:2      | Killed a hungry ghost
  1147 | D:2      | Reached skill level 4 in Short Blades
  1147 | D:2      | Gained mutation: You have a pair of small antennae on your
                  | head. [demonic ancestry]
  1147 | D:2      | Reached XP level 4. HP: 11/35 MP: 4/4
  1147 | D:2      | Reached XP level 5. HP: 13/41 MP: 5/5
  1185 | D:2      | XOM: 6-stop teleportation journey
  1340 | D:2      | XOM: give mutation
  1340 | D:2      | Gained mutation: You have large cloven feet. [Xom's grace]
  1472 | D:2      | Found a faded altar of an unknown god.
  1823 | D:2      | XOM: silly message
  1844 | D:2      | Reached skill level 5 in Short Blades
  1959 | D:3      | XOM: cloud trail
  2063 | D:3      | Noticed a human
  2065 | D:3      | Found a runed door.
  2097 | D:3      | XOM: 1-stop teleportation journey
  2123 | D:3      | XOM: god gift: short sword {god gift}
  2203 | D:3      | XOM: god gift: 56 gold pieces {god gift}
  2260 | D:3      | Reached XP level 6. HP: 42/47 MP: 6/6
  2268 | D:3      | XOM: summons 4 friendly demons
  2428 | D:3      | XOM: give mutations
  2428 | D:3      | Gained mutation: You are robust. (+10% HP) [Xom's grace]
  2428 | D:3      | Gained mutation: Your spells are a little harder to cast,
                  | but a little more powerful. [Xom's grace]
  2428 | D:3      | Gained mutation: Your flesh is cold resistant. (rC+) [Xom's
                  | grace]
  2428 | D:3      | Gained mutation: You expend magic power (3 MP) to
                  | strengthen your wands. [Xom's grace]
  2513 | D:3      | XOM: scenery: create altars
  2536 | D:3      | Found a radiant altar of Vehumet.
  2537 | D:3      | Found a hide-covered altar of Uskayaw.
  2538 | D:3      | Found a shimmering altar of Xom.
  2538 | D:3      | Found an ornate altar of the Wu Jian Council.
  2539 | D:3      | Found a shadowy altar of Dithmenos.
  2539 | D:3      | Found a stormy altar of Qazlal.
  2540 | D:3      | Found a basalt altar of Yredelemnul.
  2546 | D:3      | XOM: summons friendly quasit
  2580 | D:3      | Slain by a gnoll

Vault maps used:
D:1:      scummos_arrival_simple_crosswalls
D:2:      first_ration, chequers_ecumenical_altar_twisty, minmay_joined_circles
D:3:      grunt_temple_overflow_open, dk_yredelemnul_ordeal

Skill      XL: |  1  2  3  4  5 |
---------------+----------------+-----
Short Blades   | 3 4 5 |  5.5
Stealth        | 1 2 3 |  3.3
Fighting       | |  3.0
Armour         | |  1.7
Dodging        | |  0.8

Action                   |  1- 3 |  4- 6 || total
-------------------------+-------+-------++-------
Melee: Short sword       |    99 |   109 ||   208
       Kick              |       |    29 ||    29
 Stab: Sleeping          |       |     2 ||     2
  Eat: Chunk             |     4 |     4 ||     8
       Ration            |     1 |       ||     1
Armor: Leather armour    |    44 |    42 ||    86
Dodge: Dodged            |    65 |    37 ||   102

Table legend:
 A = Non-vault XP
 B = Vault XP
 C = Vault XP percentage of total XP
 D = Non-vault monster count
 E = Vault monster count
 F = Vault count percentage of total count
                 A         B        C        D         E       F
            +---------+---------+-------+---------+---------+-------
      Total |     433 |      48 |  10.0 |      62 |      14 |  18.4
            +---------+---------+-------+---------+---------+-------
        D:1 |      38 |       0 |   0.0 |      21 |       0 |   0.0
        D:2 |     221 |      46 |  17.2 |      16 |      12 |  42.9
        D:3 |     174 |       2 |   1.1 |      25 |       2 |   7.4
            +---------+---------+-------+---------+---------+-------

Vault maps used:
D:1:      scummos_arrival_simple_crosswalls
D:2:      first_ration, chequers_ecumenical_altar_twisty, minmay_joined_circles
D:3:      grunt_temple_overflow_open, dk_yredelemnul_ordeal
